 Dungeon Crawl Stone Soup version 0.31-a0-965-g8a8ce12e04 (webtiles) character file.

Game seed: 18033142275364512757

95 Pixllover the Ruffian (level 4, -1/34 HPs)
             Began as a Gnoll Shapeshifter on Oct 26, 2023.
             Was a High Priest of Ignis.
             Slain by a worm (5 damage)
             ... on level 3 of the Dungeon.
             The game lasted 00:03:32 (1915 turns).

Pixllover the Ruffian (Gnoll Shapeshifter)          Turns: 1915, Time: 00:03:32

Health: -1/34      AC:  2    Str: 16    XL:     4   Next: 66%
Magic:  5/5        EV: 13    Int:  9    God:    Ignis [*****.]
Gold:   108        SH:  0    Dex: 11    Spells: 5/5 levels left

rFire   + . .        m - +7 dagger "Purupn Qism" {flame, Fly Will+}
rCold   + . .        (no shield)
rNeg    . . .        a - +0 animal skin
rPois   .            (helmet currently unavailable)
rElec   .            (cloak currently unavailable)
rCorr   .            (gloves currently unavailable)
SInv    .            (boots currently unavailable)
Will    ++...        (no amulet)
Stlth   ++           g - ring of protection from cold
HPRegen 0.25/turn    l - ring of willpower
MPRegen 0.09/turn

%: no passive effects
@: beast-form, flying
A: beast (slay +3), fangs 1, strong nose, distributed training
a: Begin Untransformation, Renounce Religion, Fiery Armour, Foxfire Swarm,
Rising Flame


You were on level 3 of the Dungeon.
You worshipped Ignis.
Ignis was extremely pleased with you.
You were a hulking beast.
You visited 1 branch of the dungeon, and saw 3 of its levels.

You collected 108 gold pieces.

Inventory:

Hand Weapons
 m - the +7 dagger "Purupn Qism" (weapon) {flame, Fly Will+}
   (You found it on level 2 of the Dungeon)

   Will+:     It increases your willpower.
   Fly:       It grants you flight.
Armour
 a - a +0 animal skin (worn)
Jewellery
 g - a ring of protection from cold (left hand)
 l - a ring of willpower (right hand)
Talismans
 c - a beast talisman
 d - a flux talisman
Scrolls
 e - a scroll of teleportation {unknown}
 h - 2 scrolls of identify {unknown}
 i - a scroll of fog {unknown}
 k - 2 scrolls of vulnerability {unknown}
Potions
 b - a potion of lignification
 f - a potion of curing {unknown}
 j - a potion of degeneration {unknown}


   Skills:
 + Level 2.8 Fighting
 + Level 1.2 Short Blades
 + Level 1.2 Long Blades
 + Level 1.2 Axes
 + Level 1.2 Maces & Flails
 + Level 1.2 Polearms
 + Level 1.2 Staves
 + Level 1.2 Ranged Weapons
 + Level 1.2 Throwing
 + Level 1.2 Armour
 + Level 4.7 Dodging
 + Level 1.2 Stealth
 + Level 1.2 Shields
 + Level 6.6 Unarmed Combat
 + Level 1.2 Spellcasting
 + Level 1.0 Conjurations
 + Level 1.0 Hexes
 + Level 1.0 Summonings
 + Level 1.0 Necromancy
 + Level 1.0 Translocations
 + Level 1.0 Transmutations
 + Level 1.0 Fire Magic
 + Level 1.0 Ice Magic
 + Level 1.0 Air Magic
 + Level 1.0 Earth Magic
 + Level 1.0 Poison Magic
 + Level 1.3 Invocations
 + Level 1.2 Evocations
 + Level 6.6 Shapeshifting


You had 5 spell levels left.
You didn't know any spells.
Your spell library contained the following spells:

 Spells                   Type           Power      Damage    Failure   Level
 Ozocubu's Armour         Ice            2%         N/A       56%         3
 Ozocubu's Refrigeration  Ice            1%         4d7       100%        7


Dungeon Overview and Level Annotations

Branches:
Dungeon (3/15)

Altars:
Qazlal
Ignis


Innate Abilities, Weirdness & Mutations

You are a hulking beast.
Your limbs bulge with bestial killing power. (Slay +3)
You have very sharp teeth.
Your uncanny sense of smell can sniff out nearby items.
Your experience applies equally to all skills.


Message History

The hobgoblin shouts!
You puncture the worm! You burn the worm. You bite the worm.
The worm is severely wounded.
You hit the worm but do no damage.
The worm is severely wounded.
The worm closely misses you.
A worm comes into view.
You hit the worm but do no damage.
The worm is severely wounded.
You hit the worm. You burn the worm. You bite the worm.
You kill the worm!
You closely miss the hobgoblin. The hobgoblin closely misses you.
You closely miss the hobgoblin. The hobgoblin barely misses you.
You puncture the hobgoblin! You burn the hobgoblin.
You kill the hobgoblin!
A worm comes into view.
You hit the worm. You burn the worm. You bite the worm.
The worm is moderately wounded.
You hit the worm. You burn the worm.
The worm is severely wounded.
The worm completely misses you.
You barely miss the worm. Your punch misses the worm.
The worm is heavily wounded.
You hit the worm. You burn the worm.
The worm is almost dead.
The worm bites you!
You puncture the worm! You burn the worm.
You kill the worm!
Found a stone staircase leading down.
The worm bites you! The worm barely misses you.
You see here a worm corpse.
An endoplasm comes into view.
The worm attacks as it pursues you! The worm bites you!
* * * LOW HITPOINT WARNING * * *
You puncture the worm! You burn the worm.
The worm is severely wounded.
You hit the worm but do no damage. Your bite misses the worm.
The endoplasm jiggles.
The worm bites you.
You die...

# ######.#..
..#.?...
###########...###..
#....whJ.).<.......
#####w#######...$..
#..w..# .....
#.......# ....
#^......^.# ...
#.^...^.^..# ∆ ..
#..^........# .
##..........#
#.^>..^^..##


You could see 3 worms and an endoplasm.

Vanquished Creatures
  2 adders (D:2)
  2 worms (D:3)
  A dart slug (D:2)
  4 orcs (D:2)
  4 endoplasms
  A giant cockroach (D:1)
  6 goblins
  6 hobgoblins
  4 jackals (D:2)
  5 kobolds
  4 quokkas
  5 ball pythons
  7 bats (D:1)
  2 frilled lizards (D:1)
  9 rats
62 creatures vanquished.

Notes
Turn   | Place    | Note
-------+----------+-------------------------------------------
     0 | D:1      | Pixllover the Gnoll Shapeshifter began the quest for the
                  | Orb.
     0 | D:1      | Reached XP level 1. HP: 17/17 MP: 1/1
   195 | D:1      | Reached XP level 2. HP: 16/23 MP: 2/2
   257 | D:1      | Found a faded altar of an unknown god.
   264 | D:1      | Prayed at the altar of an unknown god.
   264 | D:1      | Became a worshipper of Ignis, the Dying Flame
   597 | D:1      | Reached XP level 3. HP: 28/28 MP: 3/3
   958 | D:2      | Identified the +4 plate armour of Yesterday {Rampage SInv}
  1039 | D:2      | Reached skill level 1 in Invocations
  1060 | D:2      | Found a stormy altar of Qazlal.
  1250 | D:2      | Reached skill level 1 in Short Blades
  1250 | D:2      | Reached skill level 1 in Long Blades
  1250 | D:2      | Reached skill level 1 in Axes
  1250 | D:2      | Reached skill level 1 in Maces & Flails
  1250 | D:2      | Reached skill level 1 in Polearms
  1250 | D:2      | Reached skill level 1 in Staves
  1250 | D:2      | Reached skill level 1 in Ranged Weapons
  1250 | D:2      | Reached skill level 1 in Throwing
  1250 | D:2      | Reached skill level 1 in Armour
  1250 | D:2      | Reached skill level 1 in Stealth
  1250 | D:2      | Reached skill level 1 in Shields
  1250 | D:2      | Reached skill level 1 in Spellcasting
  1250 | D:2      | Reached skill level 1 in Evocations
  1318 | D:2      | Reached XP level 4. HP: 29/34 MP: 5/5
  1429 | D:2      | Identified the +7 dagger "Purupn Qism" {flame, Fly Will+}
  1834 | D:2      | Reached skill level 1 in Conjurations
  1834 | D:2      | Reached skill level 1 in Hexes
  1834 | D:2      | Reached skill level 1 in Summonings
  1834 | D:2      | Reached skill level 1 in Necromancy
  1834 | D:2      | Reached skill level 1 in Translocations
  1834 | D:2      | Reached skill level 1 in Transmutations
  1834 | D:2      | Reached skill level 1 in Fire Magic
  1834 | D:2      | Reached skill level 1 in Ice Magic
  1834 | D:2      | Reached skill level 1 in Air Magic
  1834 | D:2      | Reached skill level 1 in Earth Magic
  1834 | D:2      | Reached skill level 1 in Poison Magic
  1915 | D:3      | Slain by a worm

Illustrated notes

Levels and vault maps discovered:
D:1:      dpeg_arrival_oval, layout_loops_ring, shapermc_ecumenical_altar_venn
D:2:      layout_loops_ring, basic_altar
D:3:      layout_rooms, nicolae_overflow_crystal_walls,
          mainiacjoe_overflow_tiny_flanked, nicolae_wormholes, uniq_ijyb,
          uniq_sigmund

Skill      XL: |  1  2  3  4 |
---------------+-------------+-----
Invocations    | 1 |  1.3
Short Blades   | 1 |  1.2
Long Blades    | 1 |  1.2
Axes           | 1 |  1.2
Maces & Flails | 1 |  1.2
Polearms       | 1 |  1.2
Staves         | 1 |  1.2
Ranged Weapons | 1 |  1.2
Throwing       | 1 |  1.2
Armour         | 1 |  1.2
Stealth        | 1 |  1.2
Shields        | 1 |  1.2
Spellcasting   | 1 |  1.2
Evocations     | 1 |  1.2
Conjurations   | 1 |  1.0
Hexes          | 1 |  1.0
Summonings     | 1 |  1.0
Necromancy     | 1 |  1.0
Translocations | 1 |  1.0
Transmutations | 1 |  1.0
Fire Magic     | 1 |  1.0
Ice Magic      | 1 |  1.0
Air Magic      | 1 |  1.0
Earth Magic    | 1 |  1.0
Poison Magic   | 1 |  1.0
Fighting       | |  2.8
Dodging        | |  4.7
Unarmed Combat | |  6.6
Shapeshifting  | |  6.6

Action                     |  1- 3 |  4- 6 || total
---------------------------+-------+-------++-------
  Melee: Unarmed           |    86 |    16 ||   102
         Bite              |     5 |     5 ||    10
         Punch             |     2 |     1 ||     3
         Dagger            |       |    23 ||    23
   Stab: Sleeping          |     1 |       ||     1
 Armour: Animal skin       |    59 |    17 ||    76
  Dodge: Dodged            |    49 |    16 ||    65

Table legend: (Time is in decaauts)
 A = Elapsed time spent in this place.
 B = Non-inter-level travel time spent in this place.
 C = Inter-level travel time spent in this place.
 D = Time resting spent in this place.
 E = Time spent auto-exploring this place.
 F = Levels seen in this place.
 G = Mean time per level.
                   A        B        C        D        E       F      G
               +--------+--------+--------+--------+--------+-----+--------+
         Total |   1899 |   1838 |     61 |    244 |   1091 |   3 |  633.0 |
       Dungeon |   1899 |   1838 |     61 |    244 |   1091 |   3 |  633.0 |
               +--------+--------+--------+--------+--------+-----+--------+

Top non-repeatable levels by time:
     D:2: 979 daAuts
     D:1: 892 daAuts
     D:3: 26 daAuts
